 Dungeon Crawl Stone Soup version 0.18-b1-22-ge198996 (webtiles) character file.

184 benbatman the Ruffian (level 5, -4/50 HPs)
             Began as a Troll Monk on May 4, 2016.
             Slain by an orc warrior
             ... wielding a +0 flail
              (17 damage)
             ... on level 4 of the Dungeon.
             The game lasted 00:04:34 (2106 turns).

benbatman the Ruffian (Troll Monk)                  Turns: 2106, Time: 00:04:34

Health: -4/50      AC:  5    Str: 19    XL:     5   Next: 36%
Magic:  4/4        EV: 11    Int:  6    God:
Gold:   266        SH:  0    Dex: 13    Spells: 0 memorised, 4 levels left

rFire  . . .     SeeInvis .       - Unarmed
rCold  . . .     Gourm    +     e - +0 robe (curse)
rNeg   . . .     Faith    .     (no shield)
rPois  .         Spirit   .     (helmet restricted)
rElec  .         Dismiss  .     (no cloak)
rCorr  .         Reflect  .     (gloves unavailable)
SustAt .         Harm     .     (boots unavailable)
MR     .....                    (no amulet)
Stlth  +.........               (no ring)
                                (no ring)

@: not resistant to hostile enchantments, very unstealthy
A: unfitting armour, claws 3, fast metabolism 3, gourmand, regeneration 2,
shaggy fur 1, tough skin 2
a: no special abilities


You were on level 4 of the Dungeon.
You were completely stuffed.

You visited 1 branch of the dungeon, and saw 4 of its levels.

You collected 266 gold pieces.

Inventory:

Hand Weapons
 k - a +3 spear of venom
 l - a +1 dagger of electrocution
 r - a +1 vampiric whip
Missiles
 o - 4 large rocks (quivered)
Armour
 e - a cursed +0 robe (worn)
Scrolls
 c - 2 scrolls of enchant armour {unknown}
 d - 2 scrolls of identify {unknown}
 i - a scroll of recharging {unknown}
 n - a scroll of remove curse {unknown}
 t - a scroll of teleportation {unknown}
 u - 3 scrolls of immolation {unknown}
Potions
 h - 2 potions of flight {unknown}
 j - 2 potions of berserk rage {unknown}
 p - a potion of heal wounds {unknown}
 q - a potion of ambrosia {unknown}
Books
 m - a Grand Grimoire

   Spells                             Type                      Level
   a - Monstrous Menagerie            Summoning                    7
   b - Summon Greater Demon           Summoning                    7
   c - Malign Gateway                 Summoning/Translocation      7
   d - Summon Horrible Things         Summoning                    8
Comestibles
 a - 2 meat rations
 b - 4 bread rations
 f - a slice of pizza
 s - 3 fruits


   Skills:
 - Level 2.4 Fighting
 + Level 3.4 Dodging
 - Level 1.1 Stealth
 * Level 6.0 Unarmed Combat


You had 4 spell levels left.
You didn't know any spells.

Dungeon Overview and Level Annotations

Branches:
Dungeon (4/15)
 Temple: D:4-7

Altars:
Nemelex Xobeh
Sif Muna


Innate Abilities, Weirdness & Mutations

You are too large for most types of armour.
You have claws for hands.
Your metabolism is lightning-fast.
You like to eat raw meat.
You heal very quickly.
You are covered in fur (AC +1).
You have very tough skin (AC +2).


Message History

You claw the orc warrior!
The orc warrior is moderately wounded.
The orc warrior hits you with a flail.
You closely miss the orc warrior.
The orc warrior is moderately wounded.
The orc hits you.
You scratch the orc warrior but do no damage.
The orc warrior is moderately wounded.
The orc warrior barely misses you. The orc hits you but does no damage.
You scratch the orc warrior but do no damage.
The orc warrior is moderately wounded.
The orc warrior hits you with a flail!
* * * LOW HITPOINT WARNING * * *
The orc priest closely misses you.
You closely miss the orc warrior.
The orc warrior is moderately wounded.
The orc hits you.
* * * LOW HITPOINT WARNING * * *
The orc warrior hits you with a flail!
You die...

#.#.......###########
#.........#
##........#
..######........#
#......#.......#
#......#.......#
#......#.......#
#......#.......#
#......#..>.@..#
#......#...ooo.#
#......#.......#
#......#.......#
#.......# ###+###.#
.# .#


You could see an orc warrior, an orc priest and an orc.

Vanquished Creatures
  A worker ant (D:3)
  A hound zombie (D:3)
  3 adders
  2 oozes
  3 worms
  5 dart slugs
  2 giant geckos
  11 orcs
  A giant cockroach (D:3)
  5 goblins
  10 hobgoblins
  11 kobolds
  A quokka (D:2)
  3 ball pythons
  6 bats
  6 giant newts
  10 rats
81 creatures vanquished.

Vanquished Creatures (others)
  5 toadstools (D:1)
5 creatures vanquished.

Grand Total: 86 creatures vanquished

Notes
Turn   | Place    | Note
--------------------------------------------------------------
     0 | D:1      | benbatman the Troll Monk began the quest for the Orb.
     0 | D:1      | Reached XP level 1. HP: 22/22 MP: 0/0
   126 | D:1      | Reached XP level 2. HP: 28/29 MP: 1/1
   343 | D:1      | Reached XP level 3. HP: 36/36 MP: 2/2
   636 | D:2      | Reached skill level 5 in Unarmed Combat
   767 | D:2      | Reached XP level 4. HP: 38/44 MP: 3/3
   985 | D:2      | Found a sparkling altar of Nemelex Xobeh.
  1039 | D:2      | Found a deep blue altar of Sif Muna.
  1698 | D:3      | Reached XP level 5. HP: 48/50 MP: 4/4
  1891 | D:3      | Reached skill level 6 in Unarmed Combat
  2097 | D:4      | Noticed an orc warrior
  2106 | D:4      | Slain by an orc warrior

Skill      XL: |  1  2  3  4  5 |
---------------+----------------+-----
Unarmed Combat | 5 6 |  6.0
Dodging        | 3 |  3.4
Fighting       | |  2.4
Stealth        | |  1.1

Action                   |  1- 3 |  4- 6 || total
-------------------------+-------+-------++-------
Melee: Unarmed           |    97 |   110 ||   207
       Punch             |     1 |     2 ||     3
 Stab: Sleeping          |       |     6 ||     6
  Eat: Chunk             |    12 |    13 ||    25
Armor: Robe              |    26 |    27 ||    53
Dodge: Dodged            |    62 |    39 ||   101
